 Dungeon Crawl Stone Soup version 0.24.0-10-g970556be89 (webtiles) character file.

Game seed: 6365073536758759311, levelgen mode: deterministic

385870 zkyp the Warrior (level 22, 0/205 HPs)
             Began as a Centaur Chaos Knight on Nov 4, 2019.
             Was a Favourite Plaything of Xom.
             Slain by a vault warden
             ... wielding a +1 great sword of slicing
              (8 damage)
             ... on level 4 of the Vaults.
             The game lasted 01:43:34 (52040 turns).

zkyp the Warrior (Centaur Chaos Knight)            Turns: 52040, Time: 01:43:35

Health: 0/205      AC: 48    Str: 24    XL:     22   Next: 0%
Magic:  29/29      EV:  9    Int: 16    God:    Xom [......]
Gold:   2685       SH: 14    Dex: 16    Spells: 21/21 levels left

rFire    + . .     SeeInvis .   a - +9 broad axe (venom)
rCold    . . .     Gourm    .   A - +2 shield {rPois}
rNeg     . . .     Faith    .   V - +3 plate armour {rF+}
rPois    +         Spirit   .   K - +2 hat of Guimag {*Slow +Blink +Inv Slay+3}
rElec    .         Reflect  .   i - +0 cloak of Valiance {MR+ rCorr}
rCorr    +         Harm     +   G - +2 pair of gloves
MR       ++++.                  e - +2 centaur barding "Okui" {+Fly rCorr Str-2 Dex+4}
Stlth    ..........             k - amulet of Yhiocuone {Harm *Drain Str+4 Int+2 Slay+3}
HPRegen  0.44/turn              F - ring of the Mage {Wiz MR++ Int+3}
MPRegen  0.21/turn              X - ring of Robustness {AC+8}

@: lightly drained, very quick
A: large, beak, claws 1, hooves 3, iridescent scales 2, yellow scales 1, blink,
blurry vision 1, deformed body, speed 2, tough skin 3, wild magic 1
}: 2/15 runes: serpentine, barnacled
a: Blink, Renounce Religion, Evoke Blink, Evoke Invisibility, Evoke Flight


You were on level 4 of the Vaults.
You worshipped Xom.
You were a very special plaything of Xom.
You were not hungry.

You visited 7 branches of the dungeon, and saw 39 of its levels.
You also visited: Volcano.

You collected 5659 gold pieces.
You spent 2974 gold pieces at shops.

Inventory:

Hand Weapons
 a - a +9 broad axe of venom (weapon)
 L - the +11 executioner's axe of Doprothre {chaos, rF+ Str+4}
   (Xom gifted it to you on level 1 of the Vaults)

   Each time it hits an enemy it has a different, random effect.
   It affects your strength (+4).
   It protects you from fire.
 Z - a +2 broad axe of electrocution
Missiles
 d - 6 throwing nets {=f =F}
 S - 18 silver javelins (quivered)
Armour
 e - the +2 centaur barding "Okui" (worn) {+Fly rCorr Str-2 Dex+4}
   (You acquired it on level 3 of the Elven Halls)

   It affects your strength (-2).
   It affects your dexterity (+4).
   It lets you fly.
   It provides partial protection from all sources of acid and corrosion.
 i - the +0 cloak of Valiance (worn) {MR+ rCorr}
   (You found it on level 2 of the Shoals)

   It affects your resistance to hostile enchantments.
   It provides partial protection from all sources of acid and corrosion.
 r - a +0 pair of gloves of strength
 s - a +0 large shield
 A - a +2 shield of poison resistance (worn)
 G - a +2 pair of gloves (worn)
 K - the +2 hat of Guimag (worn) {*Slow +Blink +Inv Slay+3}
   (You acquired it on level 2 of the Snake Pit)

   It affects your accuracy and damage with ranged weapons and melee attacks
   (+3).
   It lets you turn invisible.
   It lets you blink.
   It may slow you when you take damage.
 V - a +3 plate armour of fire resistance (worn)
Jewellery
 b - the ring "Tawun" {rPois rCorr Int+2 Dex+3}
   (You took it off a deep elf knight on level 3 of the Elven Halls)

   [ring of resist corrosion]

   It affects your intelligence (+2).
   It affects your dexterity (+3).
   It protects you from poison.
   It provides partial protection from all sources of acid and corrosion.
 k - the amulet of Yhiocuone (around neck) {Harm *Drain Str+4 Int+2 Slay+3}
   (You took it off a deep elf annihilator on level 3 of the Elven Halls)

   [amulet of harm]

   It increases damage dealt and taken.
   It affects your strength (+4).
   It affects your intelligence (+2).
   It affects your accuracy and damage with ranged weapons and melee attacks
   (+3).
   It causes draining when unequipped.
 n - the brooch of Shielding {Reflect SH+8}
   (You took it off a deep elf demonologist on level 3 of the Elven Halls)

   [amulet of reflection]

   It shields you and reflects attacks.
   It affects your SH (+8).
 u - an uncursed ring of positive energy
 F - the ring of the Mage (left hand) {Wiz MR++ Int+3}
   (You bought it in a shop on level 2 of the Orcish Mines)

   [ring of wizardry]

   It improves your spell success rate.
   It affects your intelligence (+3).
   It affects your resistance to hostile enchantments.
 P - an uncursed ring of see invisible
 T - the ring of Tyqynul {rC+ AC+1 Dex+7}
   (You found it on level 2 of the Vaults)

   [ring of protection]

   It affects your AC (+1).
   It affects your dexterity (+7).
   It protects you from cold.
 U - the ring "Qalamu" {*Drain rElec rPois rCorr Dex+3}
   (You found it on level 4 of the Shoals)

   [ring of resist corrosion]

   It affects your dexterity (+3).
   It insulates you from electricity.
   It protects you from poison.
   It provides partial protection from all sources of acid and corrosion.
   It causes draining when unequipped.
 X - the ring of Robustness (right hand) {AC+8}
   (You took it off a deep elf mage on level 3 of the Elven Halls)

   [ring of protection]

   It affects your AC (+8).
Wands
 l - a wand of digging (7)
 C - a wand of acid (10)
 J - a wand of scattershot (3)
 N - a wand of iceblast (64)
Scrolls
 f - 9 scrolls of magic mapping
 j - 18 scrolls of remove curse {@r1}
 m - 7 scrolls of enchant armour
 t - 5 scrolls of blinking
 y - 16 scrolls of identify {@r2}
 B - 6 scrolls of holy word
 E - 2 scrolls of silence {!r}
 H - a scroll of summoning
 I - 7 scrolls of teleportation
 W - 3 scrolls of fog
Potions
 o - a potion of cancellation
 q - 3 potions of magic
 v - 5 potions of berserk rage {!q}
 w - a potion of heal wounds
 x - 2 potions of ambrosia
 z - 5 potions of haste
 D - 7 potions of flight
 M - a potion of resistance
 O - 4 potions of might
 Q - 3 potions of agility
 R - 9 potions of curing {@q1}
Miscellaneous
 p - a phantom mirror
 Y - a fan of gales
Comestibles
 c - 67 rations


   Skills:
 + Level 19.1(18.9) Fighting
 - Level 18.0(17.7) Axes
   Level 8.2(8.0) Slings
 + Level 15.9(15.6) Armour
 - Level 10.0(9.7) Dodging
 - Level 9.0(8.7) Shields
 - Level 10.4(10.2) Evocations


You had 21 spell levels left.
You didn't know any spells.
Your spell library contained the following spells:

 Spells                   Type           Power        Failure   Level  Hunger
 Confusing Touch          Hex            #.....       65%         1    ##.....
 Corona                   Hex            #......      65%         1    ##.....
 Shock                    Conj/Air       #...         65%         1    ##.....
 Summon Small Mammal      Summ           #...         65%         1    ##.....
 Call Imp                 Summ           #.......     77%         2    ###....
 Slow                     Hex            #.......     77%         2    ###....
 Swiftness                Chrm/Air       #.......     77%         2    ###....
 Call Canine Familiar     Summ           #.......     93%         3    ####...
 Confuse                  Hex            #.......     93%         3    ####...
 Conjure Flame            Conj/Fire      #.......     93%         3    ####...
 Gell's Gravitas          Tloc           #.........   93%         3    ####...
 Ignite Poison            Fire/Tmut/Pois #.......     93%         3    ####...
 Inner Flame              Hex/Fire       #.......     93%         3    ####...
 Portal Projectile        Hex/Tloc       #.....       93%         3    ####...
 Static Discharge         Conj/Air       #.......     93%         3    ####...
 Summon Guardian Golem    Hex/Summ       #.......     93%         3    ####...
 Airstrike                Air            #.........   100%        4    #####..
 Cause Fear               Hex            #.........   100%        4    #####..
 Leda's Liquefaction      Hex/Erth       #.........   100%        4    #####..
 Petrify                  Tmut/Erth      #.......     100%        4    #####..
 Summon Ice Beast         Ice/Summ       #.......     100%        4    #####..
 Summon Lightning Spire   Summ/Air       #.......     100%        4    #####..
 Bolt of Magma            Conj/Fire/Erth #.........   100%        5    ######.
 Lightning Bolt           Conj/Air       #.........   100%        5    ######.
 Metabolic Englaciation   Hex/Ice        #.........   100%        5    ######.
 Silence                  Hex/Air        #.........   100%        5    ######.
 Yara's Violent Unravell  Hex/Tmut       #.........   100%        5    ######.
 Bolt of Fire             Conj/Fire      #.........   100%        6    #######
 Freezing Cloud           Conj/Ice/Air   #.........   100%        6    #######
 Ring of Flames           Chrm/Fire      #.........   100%        7    #######


Dungeon Overview and Level Annotations

Branches:
Dungeon (15/15)            Temple (0/1) D:7            Lair (6/6) D:9
 Shoals (4/4) Lair:2        Snake (4/4) Lair:2        Slime (0/5) Lair:5
    Orc (2/2) D:11            Elf (3/3) Orc:2        Vaults (5/5) D:13
  Crypt (0/3) Vaults:3     Depths (0/5) D:15        Volcano (visited)

Altars:
Cheibriados
Dithmenos
Fedhas
Gozag
Hepliaklqana
Kikubaaqudgha
Makhleb
Okawaru
Qazlal
Trog
Wu Jian
Xom
The Shining One
Beogh

Shops:
D:7 (   D:9 ?   D:12 }   Orc:2 [:(=   Shoals:2 }*[   Snake:2 ?   Vaults:1 [
Vaults:3 (

Portals:
Trove: Vaults:3 (give 7 potions of haste)

Annotations:
D:11 exclusion: 2 oklob plants
Shoals:4 Bai Suzhen
Orc:2 2 transporters, inmateoo's ghost, journeyman DsVM
Elf:1 exclusion: orange crystal statue
Elf:2 5 runed translucent doors


Innate Abilities, Weirdness & Mutations

You have hooves in place of feet.
Armour fits poorly on your strangely shaped body.
You cover ground very quickly.
You have extremely tough skin. (AC +3)
You have a beak for a mouth.
You have sharp fingernails.
You are mostly covered in iridescent scales. (AC +4)
You are partially covered in yellow scales. (AC +2)
You can translocate small distances at will.
Scrolls take you a little longer to read.
Your spells are a little harder to cast, but a little more powerful.


Message History

You catch the helpless frost giant completely off-guard!
You slice the frost giant!!
The frost giant looks as sick as possible!
You kick the frost giant! You peck the frost giant.
The frost giant is severely wounded.
You completely miss the tengu reaver. You hit the ironbrand convoker.
The ironbrand convoker is poisoned.
You slash the vault warden! You closely miss the freezing wraith.
You hit the +2 vampiric battleaxe.
You hit the shadow dragon but do no damage.
The +2 vampiric battleaxe hits you.
* * * LOW HITPOINT WARNING * * *
The +2 vampiric battleaxe draws strength from your wounds!
You block the ironbrand convoker's attack.
You block the shadow dragon's attack. The shadow dragon barely misses you.
The shadow dragon claws you but does no damage.
The vault warden hits you with a +1 great sword of slicing!!
* * * LOW HITPOINT WARNING * * *
Xom thinks this is hilarious!
You die...
Xom thinks this is hilarious!

..(..(.[..รท.................#....
............................'.>..
............................#....
............................#)...
....(.((..(.................#....
##################+####.....#....
#............##.....#....
#......CD(...##.....#....
#.[....Q@W...##.....#....
#......pp)...##.....#####
#............##.....# ###
#............##.....# #.. #
#####+###########.....# #.. #
#.......# #.....# #.. # #.......#
#.....# #.. # #.......# #.....#
#.. # #.......# #.....# #..


You could see a shadow dragon, a frost giant, a vault warden, a tengu reaver, an
ironbrand convoker, a freezing wraith and a +2 vampiric battleaxe.

Vanquished Creatures
  Sojobo (Vaults:1)
  Rupert (D:15)
  A tentacled monstrosity (Vaults:4)
  2 titans (Vaults:4)
  3 deep elf master archers (Elf:3)
  A kraken (Shoals:1)
  3 deep elf blademasters (Elf:3)
  Polyphemus (Shoals:4)
  Agnes (D:14)
  2 tengu reavers
  2 sphinxes (Vaults:2)
  A storm dragon (Vaults:5)
  Ilsuiw (Shoals:2)
  11 nagarajas
  A fire giant (Snake:4)
  A ghost moth (Volcano)
  8 vault wardens
  8 deep elf sorcerers
  3 frost giants
  2 orc warlords
  6 ironheart preservers
  8 deep elf elementalists
  A ghoul (Vaults:1)
  An emperor scorpion (Shoals:4)
  3 very ugly things
  8 stone giants
  An entropy weaver (Vaults:1)
  A vampire knight (Vaults:1)
  6 deep elf demonologists (Elf:3)
  Nessos (D:14)
  A dire elephant (D:15)
  7 deep elf annihilators (Elf:3)
  A large abomination (Elf:3)
  An eidolon (Vaults:3)
  4 merfolk javelineers
  A crystal guardian (Vaults:2)
  7 merfolk impalers
  5 ettins
  4 deep elf death magi
  7 deep elf high priests (Elf:3)
  5 yaktaur captains
  A great orb of eyes (Vaults:3)
  3 fire dragons
  The ghost of qdestroyer the Spear-Bearer, a journeyman MiFi of Qazlal (Shoals:1)
  An ice dragon (Vaults:1)
  10 hydras
  8 centaur warriors
  2 rakshasas
  27 vault guards
  14 naga warriors
  A satyr (Shoals:3)
  3 death knights
  3 tengu warriors
  2 alligator snapping turtles
  A death yak (Shoals:4)
  6 merfolk aquamancers
  3 ogre magi
  5 merfolk avatars
  16 anacondas
  13 two-headed ogres
  6 dancing weapons
  9 naga sharpshooters
  A shock serpent (shapeshifter) (Vaults:4)
  2 shock serpents
  4 orc high priests
  A storm dragon zombie (Vaults:4)
  21 deep elf knights
  3 shadow wraiths
  2 salamander mystics
  A skeletal warrior (Vaults:1)
  An iron troll (Vaults:1)
  8 sea snakes
  A glowing orange brain (Vaults:3)
  A deep troll (shapeshifter) (Vaults:2)
  5 wizards
  2 unseen horrors (shapeshifter)
  3 phantasmal warriors (Vaults:4)
  12 ironbrand convokers
  5 naga ritualists
  A deep troll (Vaults:3)
  4 unseen horrors
  12 deep elf archers
  2 flayed ghosts
  A wolf spider zombie (D:15)
  A lindwurm (shapeshifter) (Vaults:4)
  6 necromancers
  11 harpies
  A lindwurm (Lair:4)
  Pikel (D:7)
  19 orc knights
  18 ugly things
  6 wolf spiders
  2 orc sorcerers
  14 fauns
  An orb spider (shapeshifter) (Vaults:2)
  A fire giant zombie (Vaults:4)
  15 manticores
  5 mana vipers
  63 deep elf magi
  A tengu skeleton (Vaults:4)
  5 cyclopes
  8 salamanders
  16 merfolk sirens
  A moth of wrath (shapeshifter) (Vaults:5)
  5 water nymphs
  An elephant (shapeshifter) (Vaults:1)
  2 human zombies (Vaults:2)
  Joseph (D:8)
  An orc zombie (Vaults:2)
  A frost giant skeleton (Vaults:2)
  13 guardian serpents
  3 elephants (Lair:4)
  44 black mambas
  18 vault sentinels
  A water nymph (shapeshifter) (Elf:3)
  A fire giant skeleton (Vaults:2)
  14 spiny frogs
  16 naga magi
  10 freezing wraiths
  2 gargoyles
  2 rime drakes
  3 centaur skeletons
  15 yaktaurs
  A yaktaur (shapeshifter) (Vaults:2)
  2 kobold demonologists
  A rime drake (shapeshifter) (Vaults:1)
  An efreet (D:15)
  2 yaktaur skeletons (Vaults:2)
  8 komodo dragons
  2 tengu conjurers
  A jumping spider (shapeshifter) (Vaults:4)
  30 merfolk
  14 trolls
  5 wind drakes
  12 polar bears
  A tengu simulacrum (Vaults:4)
  13 slime creatures
  5 hornets
  7 dream sheep
  A frost giant simulacrum (Vaults:4)
  A raiju (Lair:6)
  5 blink frogs (Lair:5)
  12 snapping turtles
  A stone giant simulacrum (Vaults:2)
  15 hippogriffs
  A centaur simulacrum (D:10)
  A shadow (D:13)
  2 air elementals
  2 vampires
  8 redbacks
  A spriggan (D:10)
  13 wyverns
  24 water elementals
  3 wraiths
  30 yaks
  2 fire elementals (Elf:2)
  A basilisk (shapeshifter) (Vaults:2)
  2 fire bats (Orc:1)
  Grum (D:8)
  A yaktaur simulacrum (Vaults:2)
  3 basilisks
  4 vampire mosquitoes
  11 wargs
  A hungry ghost (D:13)
  Menkaure (D:7)
  47 nagas
  A soldier ant (D:14)
  12 hell hounds (Lair:6)
  An acid dragon (D:11)
  15 porcupines
  17 water moccasins
  A swamp drake (Snake:4)
  63 orc warriors
  3 slaves (D:7)
  9 ice beasts
  3 sky beasts
  23 ogres
  3 phantoms
  A black bear (shapeshifter) (Vaults:1)
  3 boggarts (Vaults:3)
  18 black bears
  A tengu (D:13)
  An eye of draining (D:12)
  24 wolves
  2 tengu (shapeshifter) (Vaults:4)
  3 necrophages
  An ogre (shapeshifter) (Vaults:3)
  23 centaurs
  2 big kobolds
  14 crocodiles
  20 bullfrogs
  5 human skeletons
  4 earth elementals
  A water moccasin zombie (D:9)
  9 scorpions
  12 killer bees
  13 wights
  3 howler monkeys
  4 electric eels (D:11)
  5 crimson imps
  A bullfrog zombie (D:13)
  3 centaur zombies
  5 hounds
  2 human simulacra
  4 jellies
  3 lava snakes (Snake:4)
  23 orc priests
  2 iguanas
  24 orc wizards
  5 bullfrog skeletons
  14 worker ants
  Natasha (thrice) (D:4)
  4 hell rats (Lair:6)
  A killer bee zombie (D:10)
  2 hound zombies
  A howler monkey skeleton (D:5)
  6 gnolls
  20 adders
  4 shadow imps
  2 worms
  3 dart slugs
  7 leopard geckos
  91 orcs
  5 giant cockroaches
  11 goblins
  5 hobgoblins
  4 jackals
  11 kobolds
  7 quokkas
  7 ball pythons
  5 bats
  6 frilled lizards
  A jackal skeleton (D:6)
  2 leopard gecko skeletons
  A quokka skeleton (D:5)
  12 rats
  A butterfly (Lair:5)
  4 crawling corpses (Elf:3)
  A fire vortex (Orc:1)
  3 fungi
  12 plants
  4 tentacles (Shoals:1)
1660 creatures vanquished.

Vanquished Creatures (collateral kills)
  Frederick (Vaults:1)
  A deep elf blademaster (Elf:3)
  Donald (Shoals:2)
  A vault warden (Vaults:5)
  A merfolk impaler (Shoals:2)
  2 hydras (Lair:6)
  A naga warrior (Snake:4)
  A centaur warrior (D:15)
  A two-headed ogre (D:9)
  A satyr (Shoals:2)
  A dancing weapon (Elf:1)
  A shock serpent (Snake:4)
  A phantasmal warrior (Vaults:1)
  A deep elf archer (Elf:1)
  3 deep elf magi (Elf:1)
  2 manticores
  3 fauns (Shoals:2)
  A black mamba (Snake:4)
  A water nymph (Shoals:2)
  A freezing wraith (Vaults:5)
  A troll (D:10)
  2 merfolk (Shoals:2)
  2 nagas (Snake:4)
  A porcupine (D:9)
  An orc warrior (Orc:2)
  A wolf (Lair:2)
  A bullfrog (D:9)
  4 killer bees (D:8)
  A howler monkey (D:9)
  A hound (D:9)
41 creatures vanquished.

Vanquished Creatures (others)
  A catoblepas (Shoals:4)
  A death yak (Shoals:4)
  6 dancing weapons
  2 deep elf knights
  An ironbrand convoker (Vaults:4)
  A guardian serpent (Snake:4)
  A merfolk (Shoals:4)
  A water elemental (Shoals:4)
  2 yaks (Lair:6)
  A warg (Orc:2)
  2 hell hounds (Lair:6)
  A bullfrog (D:6)
  A wyvern zombie (D:6)
  A wight (D:6)
  2 orcs
  A hobgoblin (D:1)
  A quokka (D:6)
  58 fungi
  59 plants
  4 tentacles (Shoals:1)
147 creatures vanquished.

Grand Total: 1848 creatures vanquished

Notes
Turn   | Place    | Note
-------+----------+-------------------------------------------
     0 | D:1      | zkyp the Centaur Chaos Knight began the quest for the Orb.
     0 | D:1      | Reached XP level 1. HP: 19/19 MP: 1/1
    43 | D:1      | XOM: silly message
    99 | D:1      | Reached XP level 2. HP: 18/26 MP: 2/2
   120 | D:1      | XOM: give mutation
   120 | D:1      | Gained mutation: Your body sometimes deteriorates upon
                  | taking damage. [Xom's mischief]
   207 | D:1      | XOM: harmless Erth miscast
   331 | D:1      | XOM: give mutations
   331 | D:1      | Gained mutation: You are resistant to hostile enchantments.
                  | (MR+) [Xom's mischief]
   331 | D:1      | Gained mutation: You are clumsy. (Dex -2) [Xom's mischief]
   490 | D:1      | Noticed a shapeshifter
   490 | D:1      | a frilled lizard changed into a shapeshifter
   490 | D:1      | XOM: mild Hex miscast
   490 | D:1      | Noticed a guardian serpent
   490 | D:1      | a shapeshifter changed into a guardian serpent
   492 | D:1      | XOM: butterfly on damage
   497 | D:1      | XOM: divination: detect items
   763 | D:3      | XOM: harmless Summ miscast
  1219 | D:1      | Noticed a spiny frog
  1273 | D:2      | Reached XP level 3. HP: 18/31 MP: 3/3
  1509 | D:2      | XOM: medium Fire miscast
  1725 | D:2      | XOM: noise
  1793 | D:2      | Reached XP level 4. HP: 37/38 MP: 4/4
  1999 | D:3      | XOM: give mutations
  1999 | D:3      | Gained mutation: Your mind is acute. (Int +2) [Xom's
                  | mischief]
  1999 | D:3      | Lost mutation: Your mind is acute. (Int +2) [Xom's
                  | mischief]
  1999 | D:3      | Gained mutation: You are dopey. (Int -2) [Xom's mischief]
  1999 | D:3      | Gained mutation: Your flesh is cold resistant. (rC+) [Xom's
                  | mischief]
  2143 | D:3      | Reached skill level 5 in Axes
  2299 | D:3      | Noticed a centaur
  2305 | D:3      | XOM: harmless Pois miscast
  2315 | D:3      | Killed a centaur
  2315 | D:3      | Reached XP level 5. HP: 17/45 MP: 5/5
  2848 | D:4      | Noticed a phantom
  2864 | D:4      | XOM: potion effect (invisibility)
  2882 | D:4      | Killed a phantom
  2882 | D:4      | Reached skill level 1 in Shields
  2882 | D:4      | Reached XP level 6. HP: 29/51 MP: 6/6
  2969 | D:4      | XOM: harmless Chrm miscast
  2984 | D:4      | Noticed an ice beast
  2994 | D:4      | Killed an ice beast
  3037 | D:4      | XOM: silly message
  3076 | D:4      | Noticed Natasha
  3079 | D:4      | Killed Natasha
  3155 | D:4      | Found an iron altar of Okawaru.
  3227 | D:4      | Found an ancient bone altar of Kikubaaqudgha.
  3238 | D:4      | Noticed Natasha
  3248 | D:4      | Killed Natasha
  3255 | D:4      | Noticed Natasha
  3256 | D:4      | XOM: harmless Summ miscast
  3265 | D:4      | Killed Natasha
  3265 | D:4      | Reached XP level 7. HP: 54/57 MP: 7/7
  3521 | D:5      | Entered Level 5 of the Dungeon
  3713 | D:5      | XOM: mild Hex miscast
  3743 | D:4      | Found an opulent altar of Gozag.
  3743 | D:4      | Found a glowing golden altar of the Shining One.
  3813 | D:5      | XOM: god gift: thick diamond amulet {god gift}
  4203 | D:5      | XOM: scenery: create altars
  4255 | D:5      | XOM: god gift: glowing hunting sling {god gift}
  4334 | D:5      | Reached skill level 1 in Dodging
  4521 | D:6      | Reached XP level 8. HP: 57/63 MP: 8/8
  4626 | D:6      | XOM: divine lightning
  4769 | D:6      | XOM: cleaving
  4777 | D:5      | Reached skill level 4 in Fighting
  5132 | D:6      | You fall into a shaft and drop 2 floors!
  5171 | D:7      | Noticed Pikel
  5192 | D:7      | XOM: cleaving
  5194 | D:7      | Killed Pikel
  5194 | D:7      | Reached skill level 5 in Fighting
  5194 | D:7      | Reached XP level 9. HP: 40/74 MP: 9/9
  5238 | D:7      | XOM: polymorph freed slave -> black bear
  5250 | D:7      | Noticed Menkaure
  5253 | D:7      | Found a shadowy altar of Dithmenos.
  5258 | D:7      | Killed Menkaure
  5461 | D:6      | XOM: cloud trail
  5661 | D:7      | Got a shimmering ivory ring
  5663 | D:7      | Identified the cursed ring "Ykukhlumn" {+Blink +Fly Str-3
                  | Dex-4} (You found it on level 7 of the Dungeon)
  5690 | D:7      | Found Xuid's Antique Weapon Shoppe.
  5954 | D:7      | Found a staircase to the Ecumenical Temple.
  6003 | D:8      | Reached skill level 6 in Fighting
  6125 | D:8      | XOM: god gift: oblong hardcover book {god gift}
  6145 | D:8      | XOM: summons 1 hostile shadow creature
  6223 | D:8      | XOM: summons 6 friendly demons
  6289 | D:8      | XOM: summons friendly crimson imp
  6341 | D:8      | Found a bloodstained altar of Trog.
  6379 | D:8      | XOM: polymorph wolf -> bullfrog
  6380 | D:8      | Noticed Grum
  6595 | D:8      | Killed Grum
  6595 | D:8      | Reached skill level 7 in Fighting
  6595 | D:8      | Reached skill level 5 in Armour
  6630 | D:8      | Noticed Joseph
  6635 | D:8      | XOM: summons 2 friendly demons
  6638 | D:8      | XOM: polymorph crimson imp -> white imp
  6643 | D:8      | Killed Joseph
  6643 | D:8      | Reached XP level 10. HP: 86/86 MP: 10/10
  6718 | D:8      | Found a snail-covered altar of Cheibriados.
  6994 | D:9      | Found a burning altar of Makhleb.
  7046 | D:9      | XOM: mild Tmut miscast
  7057 | D:9      | Reached skill level 5 in Dodging
  7117 | D:8      | XOM is BORED!
  7207 | D:9      | Noticed a two-headed ogre
  7209 | D:9      | XOM: severe Chrm miscast
  7224 | D:9      | XOM: summons 7 friendly demons
  7233 | D:9      | Killed a two-headed ogre
  7237 | D:9      | XOM: harmless Pois miscast
  7266 | D:9      | XOM: blink monster(s)
  7268 | D:9      | XOM: 2-stop teleportation journey
  7273 | D:9      | XOM: silly message
  7430 | D:9      | XOM: severe Tloc miscast
  7551 | D:9      | Found a stormy altar of Qazlal.
  7673 | D:9      | XOM: cast spell 'Shadow Creatures'
  7694 | D:9      | XOM: divination: detect items
  7733 | D:9      | XOM: enchant monster (bad)
  7737 | D:9      | Reached skill level 8 in Fighting
  7926 | D:9      | Found a staircase to the Lair.
  8046 | D:9      | XOM: summons 3 hostile demons
  8072 | D:9      | XOM: medium Hex miscast
  8396 | D:9      | Found a hazy altar of Hepliaklqana.
  8507 | D:9      | Found Wolay's Magic Scroll Shoppe.
  8515 | D:9      | Bought a scroll of teleportation for 42 gold pieces
  8515 | D:9      | Bought a scroll of teleportation for 42 gold pieces
  8555 | Lair:1   | Entered Level 1 of the Lair of Beasts
  8662 | Lair:1   | Noticed a spiny frog
  8663 | Lair:1   | XOM: fake destruction
  8672 | Lair:1   | Killed a spiny frog
  8780 | Lair:1   | XOM: confuse monster(s)
  8788 | Lair:1   | Reached skill level 1 in Slings
  8831 | Lair:1   | Noticed a black mamba
  8835 | Lair:1   | XOM: divination: magic mapping
  8837 | Lair:1   | Killed a black mamba
  8871 | Lair:1   | Reached XP level 11. HP: 64/95 MP: 11/11
  9609 | Lair:2   | Got a smoking leather armour
  9610 | Lair:2   | Noticed a four-headed hydra
  9610 | Lair:2   | XOM: snakes to sticks
  9619 | Lair:2   | XOM: blink monster(s)
  9621 | Lair:2   | Killed a four-headed hydra
  9621 | Lair:2   | Reached skill level 5 in Slings
  9630 | Lair:2   | XOM: summons 4 friendly demons
  9780 | Lair:2   | XOM: enchant monster (bad)
  9801 | Lair:2   | XOM: swap monsters
  9826 | Lair:2   | XOM: noise
  9830 | Lair:2   | XOM: harmless Pois miscast
  9991 | Lair:2   | Identified the +3 leather armour "Huypod" {rF+ Regen+} (You
                  | found it on level 2 of the Lair of Beasts)
 10000 | Lair:2   | XOM: summons 3 hostile demons
 10135 | Lair:2   | XOM: fog
 10143 | Lair:2   | XOM: potion effect (brilliance)
 10307 | Lair:2   | Found a staircase to the Snake Pit.
 10379 | Lair:2   | XOM: scenery: create altars
 10510 | Lair:2   | XOM: potion effect (might)
 10517 | Lair:2   | XOM: mild Erth miscast
 10527 | Lair:2   | XOM: mild Summ miscast
 10589 | Lair:2   | XOM: draining
 10600 | Lair:2   | XOM: silly message
 10626 | Lair:2   | XOM: potion effect (invisibility)
 10682 | Lair:2   | Found a staircase to the Shoals.
 10697 | Lair:2   | XOM: harmless Tloc miscast
 10756 | Lair:2   | XOM: cast spell 'Summon Butterflies'
 10759 | Lair:2   | XOM: smoke on damage
 10765 | Lair:2   | XOM: mild Tmut miscast
 10876 | Lair:2   | XOM: confuse monster(s)
 10919 | Lair:2   | XOM: cast spell 'Summon Butterflies'
 10922 | Lair:2   | XOM: potion effect (invisibility)
 10929 | Lair:2   | Reached skill level 10 in Axes
 11131 | Lair:2   | XOM: harmless Pois miscast
 11341 | Lair:3   | Noticed an eight-headed hydra
 11341 | Lair:3   | XOM: give mutations
 11341 | Lair:3   | Gained mutation: You possess an exceptional clarity of
                  | mind. [Xom's grace]
 11341 | Lair:3   | Gained mutation: You can translocate small distances at
                  | will. [Xom's grace]
 11341 | Lair:3   | Gained mutation: You have an increased reservoir of magic.
                  | (+10% MP) [Xom's grace]
 11348 | Lair:3   | XOM: scenery: create altars
 11359 | Lair:3   | XOM: divination: detect items
 11381 | Lair:2   | XOM: enchant monster (bad)
 11391 | Lair:2   | HP: 3/95 [spiny frog (17)]
 11520 | Lair:2   | Reached XP level 12. HP: 103/103 MP: 13/13
 11630 | Lair:3   | XOM: noise
 11642 | Lair:3   | Lost mutation: You possess an exceptional clarity of mind.
                  | [potion of mutation]
 11642 | Lair:3   | Lost mutation: You are dopey. (Int -2) [potion of mutation]
 11642 | Lair:3   | Lost mutation: Your body sometimes deteriorates upon taking
                  | damage. [potion of mutation]
 11642 | Lair:3   | Lost mutation: You have an increased reservoir of magic.
                  | (+10% MP) [potion of mutation]
 11642 | Lair:3   | Gained mutation: You are frail. (-10% HP) [potion of
                  | mutation]
 11642 | Lair:3   | Gained mutation: You have a beak for a mouth. [potion of
                  | mutation]
 11715 | Lair:3   | Killed an eight-headed hydra
 12456 | Lair:4   | Found a dark tunnel.
 12491 | Volcano  | Entered a volcano
 12518 | Volcano  | XOM: enchant monster (good)
 12593 | Volcano  | XOM: cast spell 'Olgreb's Toxic Radiance'
 12599 | Volcano  | XOM: enchant monster (good)
 12600 | Volcano  | XOM: summons 4 friendly demons
 12675 | Volcano  | Noticed a red draconian
 12682 | Volcano  | Noticed a ghost moth
 12682 | Volcano  | a red draconian changed into a ghost moth
 12682 | Volcano  | XOM: polymorph red draconian -> ghost moth
 12683 | Volcano  | XOM: summons 2 friendly demons
 12690 | Volcano  | Killed a ghost moth
 13426 | Lair:4   | XOM: give mutations
 13426 | Lair:4   | Gained mutation: You expend magic power (3 MP) to
                  | strengthen your wands. [Xom's grace]
 13426 | Lair:4   | Gained mutation: You possess an exceptional clarity of
                  | mind. [Xom's grace]
 13426 | Lair:4   | Gained mutation: You passively map a small area around you.
                  | [Xom's grace]
 13456 | Lair:5   | Noticed an eight-headed hydra
 13472 | Lair:5   | Killed an eight-headed hydra
 13530 | Lair:5   | XOM: give mutations
 13530 | Lair:5   | Gained mutation: You are partially covered in iridescent
                  | scales. (AC +2) [Xom's grace]
 13530 | Lair:5   | Gained mutation: You are resistant to electric shocks.
                  | (rElec) [Xom's grace]
 13530 | Lair:5   | Gained mutation: You are partially covered in molten
                  | scales. (AC +2) [Xom's grace]
 13586 | Lair:5   | Found a staircase to the Slime Pits.
 13596 | Lair:5   | XOM: cast spell 'Dispersal'
 13631 | Lair:5   | Noticed a six-headed hydra
 13637 | Lair:5   | XOM: blink monster(s)
 13643 | Lair:5   | Killed a six-headed hydra
 14014 | Lair:5   | Reached XP level 13. HP: 99/99 MP: 13/13
 14030 | Lair:5   | XOM: scenery: create altars
 14044 | Lair:5   | XOM: blink monster(s)
 14235 | Lair:5   | XOM: confuse monster(s)
 14239 | Lair:5   | XOM: polymorph black mamba -> black bear
 14268 | Lair:5   | XOM: silly message
 14290 | Lair:5   | XOM: swap monsters
 14303 | Lair:5   | XOM: 2-stop teleportation journey
 14322 | Lair:5   | XOM: medium Tloc miscast
 14526 | Lair:5   | XOM: cloud trail
 14700 | Lair:5   | XOM: harmless Erth miscast
 14800 | Lair:5   | XOM: noise
 14881 | Lair:6   | Entered Level 6 of the Lair of Beasts
 15025 | Lair:6   | XOM: summons friendly shadow imp
 15026 | Lair:6   | XOM: confuse monster(s)
 15240 | Lair:6   | XOM: medium Ice miscast
 15283 | Lair:6   | XOM: harmless Erth miscast
 15349 | Lair:6   | XOM: give mutations
 15349 | Lair:6   | Lost mutation: You are clumsy. (Dex -2) [Xom's mischief]
 15349 | Lair:6   | Lost mutation: You passively map a small area around you.
                  | [Xom's mischief]
 15699 | Lair:6   | XOM: 1-stop teleportation journey
 15711 | Lair:6   | XOM: divine lightning
 15742 | Lair:6   | XOM: 6-stop teleportation journey
 15885 | D:10     | Entered Level 10 of the Dungeon
 15906 | D:10     | XOM: confuse monster(s)
 16023 | D:10     | XOM: cleaving
 16256 | D:10     | XOM: divination: detect items
 16388 | D:10     | XOM: confuse monster(s)
 16558 | D:10     | XOM: cast spell 'Summon Dragon'
 16601 | D:10     | Identified the Tome of Unstable Heat
 16751 | D:10     | Found an ornate altar of the Wu Jian Council.
 17036 | D:11     | XOM: 6-stop teleportation journey
 17371 | D:11     | XOM: enchant monster (good)
 17517 | D:11     | XOM: medium Air miscast
 17744 | D:11     | Found a blossoming altar of Fedhas.
 17840 | D:11     | Found a staircase to the Orcish Mines.
 17987 | D:11     | XOM: god gift: 9 stones
 18008 | D:11     | XOM: mild Ice miscast
 18020 | Orc:1    | Entered Level 1 of the Orcish Mines
 18024 | Orc:1    | XOM: chaos upgrade
 18033 | Orc:1    | XOM: fake destruction
 18041 | Orc:1    | XOM: divination: detect items
 18129 | Orc:1    | Noticed a stone giant
 18149 | Orc:1    | Killed a stone giant
 18149 | Orc:1    | Reached XP level 14. HP: 89/104 MP: 14/14
 18460 | Orc:1    | XOM: summons 7 hostile demons
 18545 | Orc:1    | Noticed an orc warlord
 18637 | Orc:1    | XOM: cast spell 'Summon Butterflies'
 18646 | D:11     | XOM: divination: detect items
 18648 | D:11     | XOM: noise
 18652 | D:11     | Killed an orc warlord
 18652 | D:11     | Reached skill level 5 in Shields
 18823 | Orc:1    | XOM: divination: magic mapping
 19091 | Orc:2    | Entered Level 2 of the Orcish Mines
 19093 | Orc:2    | XOM: potion effect (haste)
 19108 | Orc:1    | XOM: silly message
 19198 | Orc:2    | XOM: potion effect (agility)
 19207 | Orc:2    | XOM: harmless Necr miscast
 19210 | Orc:2    | XOM: potion effect (berserk rage)
 19213 | Orc:2    | XOM: potion effect (might)
 19219 | Orc:2    | XOM: scenery: create altars
 19302 | Orc:1    | XOM: noise
 19377 | Orc:2    | XOM: 3-stop teleportation journey
 19484 | Orc:2    | XOM: 9-stop teleportation journey
 19503 | Orc:2    | XOM: swap monsters
 19509 | Orc:1    | XOM: potion effect (curing)
 19691 | Orc:1    | XOM: harmless Necr miscast
 19772 | Orc:2    | XOM: potion effect (invisibility)
 19789 | Orc:2    | Found a roughly hewn altar of Beogh.
 19806 | Orc:2    | XOM: divination: detect creatures
 19882 | Orc:2    | XOM: divination: detect creatures
 20015 | Orc:2    | Found a staircase to the Elven Halls.
 20030 | Orc:2    | XOM: silly message
 20063 | Orc:2    | XOM: potion effect (heal wounds)
 20085 | Orc:2    | Paralysed by an orc sorcerer for 6 turns
 20091 | Orc:2    | XOM: silly message
 20094 | Orc:2    | XOM: smoke on damage
 20208 | Orc:1    | XOM: give mutations
 20208 | Orc:1    | Lost mutation: You possess an exceptional clarity of mind.
                  | [Xom's mischief]
 20208 | Orc:1    | Lost mutation: You are frail. (-10% HP) [Xom's mischief]
 20208 | Orc:1    | Gained mutation: Your body sometimes deteriorates upon
                  | taking damage. [Xom's mischief]
 20312 | Orc:2    | Found a transporter.
 20312 | Orc:2    | Noticed inmateoo's ghost (journeyman DsVM)
 20329 | Orc:2    | XOM: summons 3 hostile demons
 20484 | Orc:2    | Found a transporter.
 20886 | Orc:2    | Found Hati's Book Shoppe.
 20886 | Orc:2    | Found Fytous's Weapon Boutique.
 20888 | Orc:2    | Found Ythaver's Jewellery Shop.
 20890 | Orc:2    | Found Xetaemm's Antique Armour Emporium.
 20980 | Orc:2    | Bought the ring of the Mage {Wiz MR++ Int+3} for 775 gold
                  | pieces
 20980 | Orc:2    | Found the ring of the Mage {Wiz MR++ Int+3}
 20980 | Orc:2    | Bought an uncursed ring of poison resistance for 300 gold
                  | pieces
 21186 | D:9      | Bought a scroll of brand weapon for 280 gold pieces
 21186 | D:9      | Bought a scroll of enchant armour for 105 gold pieces
 21193 | D:9      | XOM: medium Air miscast
 21320 | Lair:6   | XOM: fake destruction
 21321 | Lair:6   | XOM: 2-stop teleportation journey
 21522 | Lair:6   | XOM: summons 2 hostile shadow creatures
 21541 | Lair:6   | XOM: noise
 21546 | Lair:6   | XOM: repel stairs
 21583 | Lair:6   | XOM: potion effect (agility)
 21586 | Lair:6   | XOM: scenery: create altars
 21597 | Lair:6   | XOM: swap monsters
 21605 | Lair:6   | XOM: potion effect (agility)
 21606 | Lair:6   | XOM: silly message
 21607 | Lair:6   | XOM: divination: detect creatures
 21803 | Lair:6   | XOM: divination: magic mapping
 21862 | Lair:6   | XOM: enchant monster (bad)
 21866 | Lair:6   | XOM: polymorph black mamba -> hornet
 21886 | Lair:6   | XOM: smoke on damage
 22233 | Lair:6   | XOM: destruction
 22275 | Lair:6   | XOM: god gift: curved lead wand {god gift}
 22412 | Lair:6   | XOM: 1-stop teleportation journey
 22446 | Lair:6   | XOM: divination: detect items
 22481 | Lair:6   | XOM: divine lightning
 22826 | Lair:6   | XOM: give mutation
 22826 | Lair:6   | Gained mutation: Your body often deteriorates upon taking
                  | damage. [Xom's mischief]
 22881 | Lair:6   | XOM: 5-stop teleportation journey
 23255 | D:11     | XOM: harmless Hex miscast
 23268 | D:12     | XOM: blink monster(s)
 23275 | D:12     | XOM: 1-stop teleportation journey
 23356 | D:12     | XOM: enchant monster (bad)
 23370 | D:12     | Found Joasm's Gadget Emporium.
 23411 | D:12     | XOM: give mutations
 23411 | D:12     | Gained mutation: You have sharp fingernails. [Xom's grace]
 23411 | D:12     | Gained mutation: Your mind is acute. (Int +2) [Xom's grace]
 23411 | D:12     | Gained mutation: Your flesh is heat resistant. (rF+) [Xom's
                  | grace]
 23411 | D:12     | Gained mutation: You are surrounded by a mild repulsion
                  | field. (EV +2) [Xom's grace]
 23552 | D:12     | Reached XP level 15. HP: 79/123 MP: 15/15
 23699 | D:12     | XOM: fog
 23727 | D:12     | XOM: god gift: ration
 23979 | D:12     | XOM: god gift: ration
 24065 | D:13     | XOM: harmless Summ miscast
 24128 | D:13     | Reached skill level 15 in Axes
 24252 | D:13     | XOM: medium Summ miscast
 24263 | D:13     | Found a gate to the Vaults.
 24376 | D:13     | XOM: scenery: 1 doors close
 24537 | D:13     | XOM: polymorph sky beast -> warg
 24539 | D:13     | XOM: polymorph warg -> tengu
 24990 | D:14     | Noticed Nessos
 25008 | D:14     | Killed Nessos
 25057 | D:14     | Noticed Agnes
 25061 | D:14     | XOM: confuse monster(s)
 25070 | D:14     | Killed Agnes
 25088 | D:14     | XOM: summons 5 friendly demons
 25247 | D:14     | XOM: enchant monster (good)
 25391 | D:14     | XOM: divination: magic mapping
 25504 | D:14     | Found an iron altar of Okawaru.
 25668 | D:14     | XOM: enchant monster (bad)
 25995 | D:15     | Entered Level 15 of the Dungeon
 26130 | D:15     | XOM is BORED!
 26146 | D:15     | XOM: cloud trail
 26384 | D:15     | XOM: summons friendly white imp
 26386 | D:15     | Reached skill level 9 in Fighting
 26604 | D:15     | XOM: fog
 26715 | D:15     | Identified Xom's Incunabulum of Ambiguity (Xom gifted it to
                  | you on level 15 of the Dungeon)
 26715 | D:15     | XOM: god gift: Xom's Incunabulum of Ambiguity
 26898 | D:15     | XOM: god gift: 8 gold pieces
 26946 | D:15     | Found a staircase to the Depths.
 26964 | D:15     | XOM: summons friendly shadow imp
 27173 | D:15     | XOM is BORED!
 27173 | D:15     | XOM: summons 2 hostile demons
 27215 | D:15     | Noticed Rupert
 27254 | D:15     | XOM: divination: detect creatures
 27264 | D:15     | Killed Rupert
 27386 | D:15     | XOM: scenery: create altars
 27397 | D:15     | XOM: scenery: create altars
 27408 | D:15     | XOM: summons 3 friendly demons
 27497 | D:15     | XOM: god gift: 20 stones
 27824 | Snake:1  | Entered Level 1 of the Snake Pit
 27827 | Snake:1  | XOM: 8-stop teleportation journey
 27843 | Snake:1  | Reached skill level 10 in Fighting
 27978 | Snake:1  | XOM: smoke on damage
 27978 | Snake:1  | XOM: potion effect (invisibility)
 27981 | Snake:1  | XOM: cast spell 'Disjunction'
 28063 | Snake:1  | XOM: 4-stop teleportation journey
 28178 | Snake:1  | Reached XP level 16. HP: 133/134 MP: 16/16
 28408 | Snake:1  | XOM: god gift: trident {god gift}
 28483 | Snake:1  | XOM: scenery: create altars
 28517 | Snake:1  | XOM: cleaving
 28523 | Snake:1  | XOM: divination: detect items
 28530 | Snake:1  | XOM: divination: magic mapping
 28572 | Snake:1  | XOM: give mutations
 28572 | Snake:1  | Gained mutation: You have supernaturally acute eyesight.
                  | (SInv) [Xom's grace]
 28572 | Snake:1  | Gained mutation: Your spells are a little harder to cast,
                  | but a little more powerful. [Xom's grace]
 28596 | Snake:1  | XOM: god gift: 17 stones
 28615 | Snake:1  | XOM: scenery: create altars
 28678 | Snake:1  | XOM: summons friendly quasit
 28689 | Snake:1  | XOM: scenery: create altars
 29248 | Snake:2  | Reached skill level 11 in Fighting
 29308 | Snake:2  | XOM: harmless Tmut miscast
 29377 | Snake:2  | XOM: confuse monster(s)
 29445 | Snake:2  | XOM: divination: magic mapping
 29447 | Snake:2  | XOM: cast spell 'Call Canine Familiar'
 29450 | Snake:2  | XOM: potion effect (haste)
 29453 | Snake:2  | XOM: harmless Conj miscast
 29512 | Snake:2  | Reached skill level 10 in Armour
 29601 | Snake:2  | Found Laro's Magic Scroll Emporium.
 29609 | Snake:2  | Bought a scroll of enchant weapon for 120 gold pieces
 29609 | Snake:2  | Bought a scroll of teleportation for 48 gold pieces
 29609 | Snake:2  | Bought a scroll of blinking for 120 gold pieces
 29609 | Snake:2  | Bought a scroll of acquirement for 832 gold pieces
 29609 | Snake:2  | Bought a scroll of holy word for 120 gold pieces
 29613 | Snake:2  | Got a crude hat
 29624 | Snake:2  | Identified the +2 hat of Guimag {*Slow +Blink +Inv Slay+3}
                  | (You acquired it on level 2 of the Snake Pit)
 29828 | Snake:3  | XOM: noise
 29854 | Snake:3  | Reached skill level 1 in Evocations
 29867 | Snake:3  | XOM: cast spell 'Dispersal'
 29940 | Snake:3  | XOM is BORED!
 29940 | Snake:3  | XOM: give mutations
 29940 | Snake:3  | Lost mutation: Your flesh is cold resistant. (rC+) [Xom's
                  | mischief]
 29940 | Snake:3  | Lost mutation: You expend magic power (3 MP) to strengthen
                  | your wands. [Xom's mischief]
 30057 | Snake:3  | XOM: scenery: 1 doors close
 30062 | Snake:3  | XOM: harmless Hex miscast
 30085 | Snake:3  | XOM: mild Pois miscast
 30290 | Snake:3  | XOM: polymorph naga mage -> guardian serpent
 30540 | Snake:3  | Reached skill level 5 in Evocations
 30736 | Snake:4  | Entered Level 4 of the Snake Pit
 30747 | Snake:4  | Got an iridescent flail
 31002 | Snake:4  | XOM: harmless Fire miscast
 31004 | Snake:4  | XOM: cast spell 'Shadow Creatures'
 31005 | Snake:4  | XOM: scenery: create altars
 31134 | Snake:4  | XOM: smoke on damage
 31183 | Snake:4  | XOM: snakes to sticks
 31214 | Snake:4  | XOM: noise
 31225 | Snake:4  | XOM: destruction
 31238 | Snake:4  | XOM: scenery: 1 doors close
 31246 | Snake:4  | XOM: cleaving
 31251 | Snake:4  | XOM: summons friendly white imp
 31253 | Snake:4  | XOM: summons 12 friendly demons
 31466 | Snake:4  | XOM: polymorph naga -> swamp drake
 31467 | Snake:4  | XOM: destruction
 31509 | Snake:4  | XOM: enchant monster (good)
 31616 | Snake:4  | XOM: silly message
 31674 | Snake:4  | XOM: silly message
 31717 | Snake:4  | XOM: summons friendly shadow imp
 31794 | Snake:4  | XOM: summons friendly shadow imp
 31837 | Snake:4  | XOM: scenery: 2 doors close
 31957 | Snake:4  | Reached XP level 17. HP: 136/144 MP: 23/23
 32257 | Snake:4  | XOM: summons 8 friendly demons
 32335 | Snake:4  | XOM: destruction
 32336 | Snake:4  | XOM: polymorph nagaraja -> fire giant
 32339 | Snake:4  | XOM: give mutations
 32339 | Snake:4  | Lost mutation: Your body often deteriorates upon taking
                  | damage. [Xom's mischief]
 32339 | Snake:4  | Gained mutation: You are frail. (-10% HP) [Xom's mischief]
 32339 | Snake:4  | Lost mutation: You are resistant to hostile enchantments.
                  | (MR+) [Xom's mischief]
 32339 | Snake:4  | Lost mutation: You are partially covered in molten scales.
                  | (AC +2) [Xom's mischief]
 32413 | Snake:4  | XOM: summons 2 friendly demons
 32434 | Snake:4  | XOM: scenery: create altars
 32437 | Snake:4  | XOM: draining
 32498 | Snake:4  | Reached skill level 10 in Evocations
 32581 | Snake:4  | XOM: torment (70/129 hp)
 32814 | Snake:4  | XOM: swap monsters
 32901 | Snake:4  | XOM: blink monster(s)
 33205 | Snake:3  | XOM: medium Erth miscast
 33597 | Snake:4  | XOM: scenery: create altars
 33919 | Snake:4  | Got a serpentine rune of Zot
 34059 | Shoals:1 | Entered Level 1 of the Shoals
 34071 | Shoals:1 | Noticed a kraken
 34086 | Shoals:1 | Killed a kraken
 34243 | Shoals:1 | XOM: fog
 34317 | Shoals:1 | XOM: swap monsters
 34332 | Shoals:1 | XOM: harmless Tloc miscast
 34341 | Shoals:1 | XOM: cleaving
 34513 | Shoals:1 | XOM: silly message
 34516 | Shoals:1 | XOM: severe Conj miscast
 34516 | Shoals:1 | XOM: smoke on damage
 34584 | Shoals:1 | Found a runed translucent door.
 34586 | Shoals:1 | Noticed qdestroyer's ghost (journeyman MiFi)
 34590 | Shoals:1 | XOM: swap monsters
 34623 | Shoals:1 | Killed qdestroyer's ghost
 34826 | Shoals:1 | Reached skill level 12 in Fighting
 34951 | Shoals:2 | Found Doips's Armour Emporium.
 34954 | Shoals:2 | Got a faintly glowing cloak
 35008 | Shoals:2 | XOM: confusion (+ monsters)
 35042 | Shoals:2 | Found Wiwnias's Assorted Antiques.
 35045 | Shoals:2 | Bought a potion of heal wounds for 190 gold pieces
 35123 | Shoals:2 | XOM: cast spell 'Summon Small Mammal'
 35134 | Shoals:2 | XOM: cast spell 'Call Canine Familiar'
 35151 | Shoals:2 | XOM: confuse monster(s)
 35287 | Shoals:1 | XOM: divination: detect items
 35489 | Shoals:2 | XOM: god gift: runed chain mail {god gift}
 35559 | Shoals:2 | Noticed Donald
 35564 | Shoals:2 | XOM: confuse monster(s)
 35567 | Shoals:2 | Killed Donald
 35576 | Shoals:2 | Found Wurysog's Gadget Boutique.
 35743 | Shoals:2 | Noticed Ilsuiw
 35749 | Shoals:2 | XOM: 3-stop teleportation journey
 36109 | Shoals:2 | Reached XP level 18. HP: 136/139 MP: 25/25
 36202 | Shoals:2 | XOM: give mutation
 36202 | Shoals:2 | Gained mutation: Your flesh is very heat resistant. (rF++)
                  | [Xom's grace]
 36442 | Shoals:3 | XOM: fake destruction
 36447 | Shoals:3 | XOM: summons friendly crimson imp
 36458 | Shoals:3 | XOM: divination: detect creatures
 36578 | Shoals:2 | Killed Ilsuiw
 36661 | Shoals:2 | Identified the +0 cloak of Valiance {MR+ rCorr} (You found
                  | it on level 2 of the Shoals)
 36677 | Shoals:3 | XOM: god gift: battleaxe {god gift}
 36688 | Shoals:3 | XOM: god gift: 53 gold pieces
 36706 | Shoals:3 | XOM: confusion
 36901 | Shoals:3 | XOM: cast spell 'Leda's Liquefaction'
 36909 | Shoals:3 | XOM: divination: detect creatures
 36966 | Shoals:3 | XOM: confuse monster(s)
 36981 | Shoals:3 | Reached skill level 13 in Fighting
 37154 | Shoals:3 | XOM: harmless Ice miscast
 37373 | Shoals:4 | Entered Level 4 of the Shoals
 37576 | Shoals:4 | XOM: harmless Summ miscast
 37607 | Shoals:4 | XOM: mild Pois miscast
 37699 | Shoals:3 | XOM: summons 2 hostile demons
 37861 | Shoals:4 | XOM: 1-stop teleportation journey
 37862 | Shoals:4 | Noticed Bai Suzhen
 37863 | Shoals:4 | XOM: scenery: create altars
 37864 | Shoals:4 | XOM: cast spell 'Alistair's Intoxication'
 37871 | Shoals:4 | XOM: cleaving
 37886 | Shoals:4 | XOM: medium Necr miscast
 38211 | Shoals:4 | XOM: enchant monster (good)
 38226 | Shoals:4 | Got a scorched bronze ring
 38227 | Shoals:4 | Identified the ring "Qalamu" {*Drain rElec rPois rCorr
                  | Dex+3} (You found it on level 4 of the Shoals)
 38353 | Shoals:4 | Noticed Polyphemus
 38360 | Shoals:4 | XOM: swap monsters
 38367 | Shoals:4 | XOM: blink monster(s)
 38548 | Shoals:4 | XOM: noise
 38561 | Shoals:4 | Killed Polyphemus
 38587 | Shoals:4 | XOM: give mutations
 38587 | Shoals:4 | Lost mutation: You are surrounded by a mild repulsion
                  | field. (EV +2) [Xom's mischief]
 38587 | Shoals:4 | Lost mutation: Your flesh is very heat resistant. (rF++)
                  | [Xom's mischief]
 38587 | Shoals:4 | Lost mutation: You are frail. (-10% HP) [Xom's mischief]
 38587 | Shoals:4 | Lost mutation: Your flesh is heat resistant. (rF+) [Xom's
                  | mischief]
 38824 | Shoals:4 | XOM: polymorph merfolk avatar -> emperor scorpion
 39010 | Shoals:4 | XOM: blink monster(s)
 39135 | Shoals:4 | XOM: mild Tloc miscast
 39181 | Shoals:4 | Got a barnacled rune of Zot
 39456 | Vaults:1 | Entered Level 1 of the Vaults
 39479 | Vaults:1 | Reached skill level 14 in Fighting
 39656 | Vaults:1 | XOM: polymorph vault warden -> iron troll
 39697 | Vaults:1 | XOM: god gift: 24 gold pieces
 39699 | Vaults:1 | XOM: give mutations
 39699 | Vaults:1 | Gained mutation: You are clumsy. (Dex -2) [Xom's mischief]
 39699 | Vaults:1 | Lost mutation: You are resistant to electric shocks.
                  | (rElec) [Xom's mischief]
 39747 | Vaults:1 | Noticed Frederick
 39748 | Vaults:1 | Noticed Sojobo
 39750 | Vaults:1 | XOM: divine lightning
 39750 | Vaults:1 | XOM: butterfly on damage
 39752 | Vaults:1 | XOM: enchant monster (good)
 39764 | Vaults:1 | XOM: noise
 39772 | Vaults:1 | Killed Frederick
 39776 | Vaults:1 | XOM: enchant monster (bad)
 39780 | Vaults:1 | XOM: chaos upgrade
 39792 | Vaults:1 | XOM: divination: detect creatures
 39822 | Vaults:1 | XOM: summons 2 friendly demons
 40104 | Vaults:1 | XOM: harmless Fire miscast
 40119 | Vaults:1 | XOM: summons 3 friendly demons
 40147 | Vaults:1 | XOM: enchant monster (good)
 40480 | Vaults:1 | XOM: cast spell 'Shadow Creatures'
 40484 | Vaults:1 | XOM: enchant monster (good)
 40496 | Vaults:1 | XOM: give mutation
 40496 | Vaults:1 | Gained mutation: You are mostly covered in iridescent
                  | scales. (AC +4) [Xom's grace]
 40500 | Vaults:1 | Killed Sojobo
 40500 | Vaults:1 | Reached XP level 19. HP: 89/168 MP: 26/26
 40664 | Vaults:1 | XOM: god gift: glowing cameo amulet {god gift}
 40722 | Vaults:1 | Found Mammuawe's Antique Armour Shop.
 40723 | Vaults:1 | XOM: polymorph great orb of eyes -> ettin
 40896 | Vaults:1 | XOM: scenery: create altars
 40995 | Vaults:1 | XOM: god gift: scroll of teleportation
 41010 | Vaults:1 | XOM: god gift: jewelled executioner's axe {god gift}
 41011 | Vaults:1 | Got a jewelled executioner's axe {god gift}
 41012 | Vaults:1 | Identified the +11 executioner's axe of Doprothre {chaos,
                  | rF+ Str+4} (Xom gifted it to you on level 1 of the Vaults)
 41609 | Vaults:2 | Identified the ring of Tyqynul {rC+ AC+1 Dex+7} (You found
                  | it on level 2 of the Vaults)
 41634 | Vaults:2 | XOM: summons 12 friendly demons
 41850 | Vaults:2 | XOM: god gift: 27 gold pieces
 41854 | Vaults:2 | XOM: blink monster(s)
 42012 | Vaults:2 | Found the +8 glaive of the Guard {elec, +Rage AC+5 SInv}
 42049 | Vaults:2 | Reached skill level 15 in Fighting
 42053 | Vaults:2 | XOM: harmless Tmut miscast
 42057 | Vaults:2 | XOM: 4-stop teleportation journey
 42067 | Vaults:2 | XOM: noise
 42089 | Vaults:2 | XOM: scenery: 1 doors close
 42098 | Vaults:2 | XOM: harmless Erth miscast
 42138 | Vaults:2 | XOM: mild Erth miscast
 42192 | Vaults:2 | XOM: harmless Necr miscast
 42197 | Vaults:2 | XOM: potion effect (invisibility)
 42434 | Vaults:2 | XOM: harmless Summ miscast
 42478 | Vaults:2 | XOM: cloud trail
 42480 | Vaults:2 | XOM: potion effect (haste)
 42483 | Vaults:2 | XOM: cast spell 'Chain of Chaos'
 42543 | Vaults:2 | XOM: give mutation
 42543 | Vaults:2 | Lost mutation: Your mind is acute. (Int +2) [Xom's
                  | mischief]
 42704 | Vaults:2 | XOM: give mutations
 42704 | Vaults:2 | Gained mutation: You are partially covered in yellow
                  | scales. (AC +2) [Xom's grace]
 42704 | Vaults:2 | Lost mutation: You are clumsy. (Dex -2) [Xom's grace]
 42910 | Vaults:3 | XOM: god gift: 19 stones
 42912 | Vaults:3 | XOM: scenery: 1 doors open
 42975 | Vaults:3 | XOM: divination: detect items
 42993 | Vaults:3 | Found Jawix's Weapon Emporium.
 43071 | Vaults:3 | XOM: potion effect (curing)
 43152 | Vaults:3 | XOM: harmless Chrm miscast
 43225 | Vaults:3 | XOM: silly message
 43420 | Vaults:3 | XOM: harmless Chrm miscast
 43587 | Vaults:3 | XOM: cloud trail
 43599 | Vaults:3 | XOM: harmless Necr miscast
 43689 | Vaults:3 | XOM: harmless Erth miscast
 43710 | Vaults:3 | XOM: enchant monster (good)
 43716 | Vaults:3 | XOM: 1-stop teleportation journey
 43896 | Vaults:3 | XOM: mild Ice miscast
 44107 | Vaults:3 | Found a staircase to the Crypt.
 44317 | Vaults:3 | Found a portal to a secret trove of treasure.
 44445 | Vaults:4 | XOM: divination: detect items
 44469 | Vaults:4 | Reached XP level 20. HP: 175/180 MP: 27/27
 44585 | Vaults:4 | XOM: harmless Ice miscast
 44790 | Vaults:4 | XOM: harmless Fire miscast
 44807 | Vaults:4 | XOM: divination: magic mapping
 44820 | Vaults:4 | XOM: harmless Tmut miscast
 44901 | Vaults:4 | Reached skill level 16 in Fighting
 44905 | Vaults:4 | XOM: confusion (+ monsters)
 45100 | Vaults:4 | XOM: mild Air miscast
 45119 | Vaults:4 | XOM: cast spell 'Metabolic Englaciation'
 45127 | Vaults:4 | Reached skill level 10 in Dodging
 45229 | Vaults:4 | XOM: noise
 45250 | Vaults:4 | XOM: cloud trail
 45276 | Vaults:4 | XOM: god gift: scroll of enchant armour
 45338 | Vaults:4 | XOM: harmless Air miscast
 45395 | Vaults:4 | XOM: harmless Summ miscast
 45397 | Vaults:4 | XOM: potion effect (heal wounds)
 45477 | Vaults:4 | XOM: potion effect (might)
 45770 | Elf:1    | Entered Level 1 of the Elven Halls
 45995 | Elf:1    | XOM: harmless Pois miscast
 46030 | Elf:1    | XOM: mild Hex miscast
 46717 | Elf:2    | XOM: confuse monster(s)
 46753 | Elf:2    | XOM: potion effect (haste)
 46755 | Elf:2    | Reached skill level 17 in Fighting
 46761 | Elf:2    | XOM: harmless Erth miscast
 46770 | Elf:2    | XOM: potion effect (agility)
 46780 | Elf:2    | XOM: divination: magic mapping
 46834 | Elf:2    | XOM: harmless Hex miscast
 47022 | Elf:2    | Found a roughly hewn altar of Beogh.
 47163 | Elf:2    | Found a huge runed translucent gate.
 47163 | Elf:2    | Found a huge runed translucent gate.
 47163 | Elf:2    | Found a huge runed translucent gate.
 47163 | Elf:2    | Found a huge runed translucent gate.
 47170 | Elf:2    | Found a huge runed translucent gate.
 47383 | Elf:3    | Entered Level 3 of the Elven Halls
 47390 | Elf:3    | Got a twisted centaur barding
 47391 | Elf:3    | Identified the +2 centaur barding "Okui" {+Fly rCorr Str-2
                  | Dex+4} (You acquired it on level 3 of the Elven Halls)
 47462 | Elf:3    | XOM: potion effect (haste)
 48101 | Elf:3    | Reached XP level 21. HP: 192/192 MP: 28/28
 48119 | Elf:3    | XOM: potion effect (heal wounds)
 48135 | Elf:3    | XOM: potion effect (heal wounds)
 48289 | Elf:3    | XOM: medium Air miscast
 48316 | Elf:3    | XOM: noise
 48372 | Elf:3    | XOM: enchant monster (bad)
 48384 | Elf:3    | Identified the +1 quarterstaff "Beunank" {venom, rElec rN++
                  | Int-5 Dex+9}
 48406 | Elf:3    | XOM: blink monster(s)
 48424 | Elf:3    | XOM: harmless Hex miscast
 48520 | Elf:3    | XOM: blink monster(s)
 48523 | Elf:3    | XOM: divination: detect items
 48536 | Elf:3    | XOM: smoke on damage
 48552 | Elf:3    | XOM: swap monsters
 48631 | Elf:2    | XOM: give mutations
 48631 | Elf:2    | Lost mutation: Your body sometimes deteriorates upon taking
                  | damage. [Xom's mischief]
 48631 | Elf:2    | Lost mutation: You have supernaturally acute eyesight.
                  | (SInv) [Xom's mischief]
 48631 | Elf:2    | Gained mutation: Scrolls take you a little longer to read.
                  | [Xom's mischief]
 48778 | Elf:3    | XOM: 6-stop teleportation journey
 48800 | Elf:3    | Identified the +6 halberd "Giantbane" {antimagic, rPois}
 48866 | Elf:3    | Reached skill level 18 in Fighting
 48866 | Elf:3    | Reached skill level 15 in Armour
 48879 | Elf:3    | Identified the amulet of Yhiocuone {Harm *Drain Str+4 Int+2
                  | Slay+3}
 48887 | Elf:3    | XOM: summons friendly quasit
 48898 | Elf:3    | XOM: cast spell 'Summon Horrible Things'
 48931 | Elf:3    | XOM: cast spell 'Summon Horrible Things'
 48938 | Elf:3    | XOM: potion effect (agility)
 49029 | Elf:2    | XOM: divination: detect creatures
 49181 | Elf:3    | XOM: potion effect (brilliance)
 49184 | Elf:3    | XOM: harmless Tmut miscast
 49189 | Elf:3    | XOM: noise
 49329 | Elf:3    | Identified the ring "Tawun" {rPois rCorr Int+2 Dex+3}
 49357 | Elf:3    | XOM: potion effect (brilliance)
 49436 | Elf:3    | Got an ancient hand axe
 49440 | Elf:3    | Got a pitted flail
 49444 | Elf:3    | Got a dazzling hunting sling
 49641 | Elf:2    | XOM: noise
 49892 | Vaults:3 | XOM: silly message
 49989 | Vaults:5 | Entered Level 5 of the Vaults
 50093 | Vaults:5 | XOM: enchant monster (good)
 50112 | Vaults:4 | XOM: mild Ice miscast
 50258 | Vaults:4 | XOM: mild Summ miscast
 50813 | Vaults:4 | XOM: divine lightning
 50968 | Vaults:4 | XOM: summons 2 hostile shadow creatures
 51260 | Vaults:4 | Reached skill level 19 in Fighting
 51463 | Vaults:5 | XOM: torment (81/198 hp)
 51493 | Vaults:4 | XOM: mild Hex miscast
 51578 | Vaults:4 | XOM: god gift: 65 gold pieces
 51936 | Vaults:5 | XOM: polymorph deep troll -> glowing shapeshifter
 52037 | Vaults:5 | Reached XP level 22. HP: 47/205 MP: 29/29
 52040 | Vaults:4 | HP: 8/205 [vault warden/+1 great sword of slicing (31)]
 52040 | Vaults:4 | Slain by a vault warden

Levels and vault maps discovered:
D:1:      saegor_arrival_simple_a, layout_basic, minmay_unequal
D:2:      layout_rooms
D:3:      layout_loops_ring
D:4:      layout_rooms, nicolae_overflow_crystal_walls,
          nicolae_overflow_hidden_temple, hex_large, uniq_natasha
D:5:      minmay_spotlight, layout_loops_ring, first_ration,
          kennysheep_generic_room_2
D:6:      cheibrodos_fzero, layout_basic, serial_rivers,
          chequers_serial_rivers_small_b, chequers_serial_rivers_small_b,
          chequers_serial_rivers_room_a, chequers_serial_rivers_small_b,
          chequers_serial_rivers_micro_e, chequers_serial_rivers_small_3
D:7:      layout_cave_pools, minmay_temple_entry_poolview, serial_shops, shop,
          basic_altar, uniq_menkaure, uniq_pikel
D:8:      layout_loops_ring, lemuel_coloured_pillars_altar,
          trog_ov_bears_minmay, uniq_grum, uniq_joseph
D:9:      layout_long_grid, nicolae_qazlal_general_emergency,
          lemuel_doored_altar, due_lair_maze_entry_diamond, serial_shops,
          nicolae_shop_stone, bloody_makhleb
D:10:     minmay_the_grid_plus [minmay_the_grid_medium_cups,
          minmay_the_grid_slots, minmay_the_grid_fan, minmay_the_grid_garden,
          minmay_the_grid_prize_inner_circle], layout_grid_maze, basic_altar,
          the_bakery
D:11:     layout_roguey, erik_orc_2, hangedman_tree_tricks,
          kennysheep_just_a_vault
D:12:     layout_gridville, serial_shops, shop
D:13:     layout_roguey, david_vaults_1
D:14:     layout_cave_pods, hangedman_decor_diamond_cutter, basic_altar,
          minmay_misc_feat_tiny, kennysheep_generic_room_12, uniq_nessos,
          uniq_agnes
D:15:     hangedman_depths_entry_try_elsewhere_first, layout_layer_cave,
          dk_noncrumbling_3, lemuel_flamethrower_2, uniq_rupert
Lair:1:   layout_gridlike
Lair:2:   layout_chaotic_city, elwin_shoals_entry_stream,
          minmay_snake_entry_six_corridors, beast_lair_carwin_5,
          grunt_megastairs_5
Lair:3:   layout_loops_ring, st_stairs_10
Lair:4:   layout_cave_shapes, nicolae_volcano_entry_vermiform,
          lemuel_fruit_tree, grunt_megastairs_2
Lair:5:   layout_regular_city, slime_dummy, chequers_serial_rivers_micro_d,
          lemuel_fruit_fields
Lair:6:   hangedman_lair_tendril_chambers, layout_small_grid,
          hangedman_lair_caniforms_friends
Shoals:1: layout_shoals, ebering_ghost_inner_flame
Shoals:2: layout_shoals, serial_shops, nicolae_shop_behind_doors,
          nicolae_shop_statue_plus, shop, uniq_ilsuiw, uniq_donald
Shoals:3: layout_shoals
Shoals:4: shoals_end_grunt_ice, layout_shoals, shoals_ilsuiw_ice,
          uniq_bai_suzhen, uniq_polyphemus
Snake:1:  layout_layer_cave
Snake:2:  layout_misc_corridors, serial_shops, shop, drop_trap,
          statue_in_the_mist_lemuel, grunt_ministairs_14
Snake:3:  layout_basic, grunt_ministairs_14, drop_trap
Snake:4:  grunt_snake_rune_serpentine_throne, layout_cave_town,
          nicolae_snake_lava_pool
Orc:1:    layout_caves, nicolae_orc_lava_tube
Orc:2:    st_orc_rangers, layout_caves, basic_altar, gammafunk_ghost_arena
Elf:1:    minmay_elf_arrival_circle, layout_rooms, hangedman_corner_corridor,
          minivault_16
Elf:2:    layout_geoelf_octagon, special_room [special_room_orc], minivault_11,
          nicolae_elf_big_sculpture_3, minivault_24, minmay_crystal_room,
          nicolae_elf_glass_and_crystal_pillar_2
Elf:3:    nooodl_elf_gasket, layout_geoelf_octagon
Vaults:1: v_misc_29, nicolae_vaults_network_quincunx
          [nicolae_vaults_network_quincunx_subvault,
          nicolae_vaults_network_quincunx_subvault,
          nicolae_vaults_network_quincunx_subvault,
          nicolae_vaults_network_quincunx_subvault,
          nicolae_vaults_network_quincunx_subvault],
          nicolae_vaults_specimen_jars, vaults_room_pools, v_alt_pattern_3,
          vaults_room_stairs_pillars, vaults_room_fours, sword_in_stone,
          hangedman_vaults_stretched_pinwheel, v_pattern_1,
          nicolae_vaults_yaktaur_gun_rack, nicolae_vaults_three_branches,
          serial_ice_g, layout_vaults_big_cross, serial_shops, shop
Vaults:2: ontoclasm_vaults_shuriken, vaults_room_boxed,
          nicolae_vaults_twisting_passages, v_rooms_4, v_misc_24,
          ontoclasm_vaults_echo, v_alt_pattern_6,
          hangedman_vaults_corner_blocks, ontoclasm_vaults_bender,
          grunt_vaults_funnel, ontoclasm_vaults_fault, ontoclasm_vaults_pinch,
          v_rooms_5, serial_ice_g, nicolae_vaults_diagonal_hallway_6,
          grunt_vaults_hallway_long, layout_vaults_omnibox
Vaults:3: vaults_room_door_ring, ontoclasm_vaults_ligature, v_pattern_3,
          minmay_crypt_entry_simple_corners, nicolae_vaults_little_squares_2,
          nicolae_vaults_border_crossing, ontoclasm_vaults_idyll,
          vaults_dpeg_hooks, layout_vaults_omnigrid, enter_trove_6,
          serial_shops, shop
Vaults:4: vaults_dpeg_cross, v_rooms_4, v_rooms_2, nicolae_vaults_what_the_h,
          hangedman_vaults_stagger, nicolae_vaults_little_squares_1, v_misc_3,
          nicolae_vaults_asterisk, serial_ice_b, layout_vaults_ring
Vaults:5: serial_shops

Skill      XL: |  1  2  3  4  5  6  7  8  9 10 11 12 13 14 15 16 17 18 19 20 21 |
---------------+----------------------------------------------------------------+-----
Axes           | 3 4 5 6 8 10 13 14 16 17 18 | 18.0
Shields        | 1 2 4 9 |  9.0
Dodging        | 1 3 4 6 7 9 10 | 10.0
Armour         | 3 5 6 7 9 10 12 13 14 15 | 15.9
Fighting       | 5 7 8 10 11 12 14 15 17 19 | 19.1
Slings         | 2 8 |  8.2
Evocations     | 8 10 | 10.4

Action                   |  1- 3 |  4- 6 |  7- 9 | 10-12 | 13-15 | 16-18 | 19-21 | 22-24 || total
-------------------------+-------+-------+-------+-------+-------+-------+-------+-------++-------
Melee: Hand axe          |   130 |   127 |   298 |   527 |   827 |       |       |       ||  1909
       Kick              |    14 |    14 |    59 |   100 |   454 |   505 |   608 |     1 ||  1755
       Peck              |       |       |       |    20 |   292 |   323 |   379 |     1 ||  1015
       Broad axe         |       |       |       |       |   889 |  1606 |  1420 |     1 ||  3916
 Fire: Hunting sling     |       |    17 |    25 |   280 |   258 |    75 |     4 |       ||   659
Throw: Throwing net      |       |       |       |       |       |     2 |       |       ||     2
 Abil: Evoke Blink       |       |       |       |       |       |     2 |     1 |       ||     3
       Evoke Invisibilit |       |       |       |       |       |    12 |     1 |       ||    13
Evoke: Wand              |       |       |     2 |     5 |     2 |     2 |     3 |       ||    14
       Fan of gales      |       |       |       |       |       |     1 |       |       ||     1
  Use: Potion            |     1 |       |     2 |    11 |     2 |     9 |     1 |       ||    26
       Scroll            |       |     4 |     8 |    18 |    21 |    19 |    23 |       ||    93
 Stab: Invisible         |       |     3 |       |     4 |     5 |    47 |    14 |       ||    73
       Distracted        |       |       |     1 |       |       |     2 |     5 |     1 ||     9
       Confused          |       |       |       |     2 |     3 |     4 |     7 |       ||    16
       Paralysed         |       |       |       |       |     5 |       |       |       ||     5
       Petrified         |       |       |       |       |       |    10 |       |       ||    10
       Petrifying        |       |       |       |       |       |     4 |     2 |       ||     6
       Held in net/web   |       |       |       |       |       |     2 |       |       ||     2
  Eat: Chunk             |     2 |     4 |     9 |    19 |    30 |     6 |     5 |       ||    75
       Ration            |       |       |       |       |     3 |    10 |     8 |       ||    21
Armor: Leather armour    |    71 |    43 |   108 |   141 |       |       |       |       ||   363
       Skin              |       |       |       |    54 |       |       |       |       ||    54
       Plate armour      |       |       |       |    87 |  1070 |   804 |   636 |     4 ||  2601
Dodge: Dodged            |    71 |    49 |   125 |   221 |   405 |   279 |   236 |     3 ||  1389
Block: Buckler           |       |     4 |    41 |    76 |    41 |       |       |       ||   162
       Shield            |       |       |       |       |   705 |   909 |   677 |     5 ||  2296
